 Dungeon Crawl Stone Soup version 0.28-a0-1429-gf3d713df7a (webtiles) character file.

Game seed: 8257033284394963088

46 SensoryNuts the Skirmisher (level 3, -1/30 HPs)
             Began as a Demonspawn Fighter on Jan 8, 2022.
             Succumbed to an orc's poison
             ... on level 3 of the Dungeon.
             The game lasted 00:02:13 (1507 turns).

SensoryNuts the Skirmisher (Demonspawn Fighter)     Turns: 1507, Time: 00:02:13

Health: -1/30      AC: 12    Str: 15 (18) XL:     3   Next: 46%
Magic:  3/3        EV:  8    Int:  7 (9)  God:
Gold:   54         SH:  4    Dex: 10 (12) Spells: 2/2 levels left

rFire   . . .      SeeInvis .   a - +0 long sword
rCold   . . .      Faith    .   c - +0 buckler
rNeg    . . .      Spirit   .   b - +0 scale mail
rPois   .          Reflect  .   (no helmet)
rElec   .          Harm     .   (no cloak)
rCorr   .          Rampage  .   (no gloves)
Will    .....                   (no boots)
Stlth   ..........              (no amulet)
HPRegen 0.10/turn               (no ring)
MPRegen 0.08/turn               (no ring)

@: mighty, lethally poisoned (-1 -> -12), sanguine armoured
A: sanguine armour 1
a: no special abilities


You were on level 3 of the Dungeon.
You visited 1 branch of the dungeon, and saw 3 of its levels.

You collected 54 gold pieces.

Inventory:

Hand Weapons
 a - a +0 long sword (weapon)
Armour
 b - a +0 scale mail (worn)
 c - a +0 buckler (worn)
Scrolls
 e - a scroll of vulnerability
 f - 3 scrolls of immolation
 g - a scroll of teleportation
Potions
 d - a potion of might
 h - a potion of berserk rage


   Skills:
 + Level 3.6 Fighting
 + Level 2.5 Long Blades
 + Level 2.9 Armour
 + Level 2.8 Shields


You had 2 spell levels left.
You didn't know any spells.
Your spell library was empty.

Dungeon Overview and Level Annotations

Branches:
Dungeon (3/15)

Altars:
Ashenzari


Innate Abilities, Weirdness & Mutations

When seriously injured, your blood forms armour. (AC +6)


Message History

The orc is heavily wounded.
The orc barely misses you. The orc hits you but does no damage.
You feel very mighty all of a sudden. The orc closely misses you.
You slash the orc!
You kill the orc!
The orc barely misses you.
You barely miss the orc. The orc hits you with a +0 mace.
You barely miss the orc. The orc hits you but does no damage.
You closely miss the orc. The orc barely misses you. The orc misses you.
You closely miss the orc. The orc hits you but does no damage.
You barely miss the orc. The orc hits you but does no damage.
You closely miss the orc. The orc barely misses you.
The orc hits you with a +0 mace.
You slash the orc!
You kill the orc!
The orc priest invokes the aid of Beogh against you.
Beogh smites you!
Your blood congeals into armour.
The orc priest looks braver for a moment.
You hit the orc.
The orc is severely wounded.
You slash the orc!
You kill the orc!
The orc hits you but does no damage. The orc completely misses you.
The orc priest mumbles some strange prayers to Beogh against you.
Beogh smites you!
* * * LOW HITPOINT WARNING * * *
The orc barely misses you.
Things that are here:
a +0 dagger; an orc corpse You're still recovering from your berserk rage.
You hit the orc priest.
The orc priest is lightly wounded.
You recover from your berserk rage.
The orc priest barely misses you. The orc hits you but does no damage.
You are lethally poisoned!
The orc priest completely misses you.
You barely miss the orc priest.
The orc priest is lightly wounded.
You die...

.o...#
...o.#
.o[..#
.....#
..o..#
.....#
#####.....#
#.@o<.....#
#o###.....#
#.# ##.###
..# # #..(
###+


You could see an orc priest and an orc.

Vanquished Creatures
  A hound skeleton (D:2)
  A dart slug (D:1)
  3 orcs (D:3)
  An endoplasm (D:1)
  3 giant cockroaches (D:1)
  5 goblins
  A hobgoblin (D:1)
  5 ball pythons
  4 bats
  3 frilled lizards (D:2)
  A kobold (D:2)
  A rat (D:2)
29 creatures vanquished.

Notes
Turn   | Place    | Note
-------+----------+-------------------------------------------
     0 | D:1      | SensoryNuts the Demonspawn Fighter began the quest for the
                  | Orb.
     0 | D:1      | Reached XP level 1. HP: 18/18 MP: 1/1
   256 | D:1      | Gained mutation: When seriously injured, your blood forms
                  | armour. (AC +6) [demonic ancestry]
   256 | D:1      | Reached XP level 2. HP: 24/24 MP: 2/2
   562 | D:1      | Found a faded altar of an unknown god.
   974 | D:2      | Reached XP level 3. HP: 27/29 MP: 3/3
  1161 | D:2      | Found a broken altar of Ashenzari.
  1507 | D:3      | Succumbed to an orc's poison

Illustrated notes

Levels and vault maps discovered:
D:1:      tarquinn_simple_flora_water_c, layout_loops_ring,
          basic_ecumenical_altar
D:2:      layout_loops_ring, basic_altar
D:3:      layout_rooms, nicolae_vehumet_altar_sigil, gammafunk_ghost_arena,
          serial_shops, shop

Skill      XL: |  1  2 |
---------------+-------+-----
Long Blades    | 2 |  2.5
Fighting       | |  3.6
Armour         | |  2.9
Shields        | |  2.8

Action                   || total
-------------------------++-------
Melee: Long sword        ||    90
  Use: Scroll            ||     4
       Potion            ||     3
Armor: Scale mail        ||    36
Dodge: Dodged            ||    45
Block: Buckler           ||    16

Table legend: (Time is in decaauts)
 A = Elapsed time spent in this place.
 B = Non-inter-level travel time spent in this place.
 C = Inter-level travel time spent in this place.
 D = Time resting spent in this place.
 E = Time spent auto-exploring this place.
 F = Levels seen in this place.
 G = Mean time per level.
                   A        B        C        D        E       F      G
               +--------+--------+--------+--------+--------+-----+--------+
         Total |   1552 |   1484 |     68 |      0 |   1217 |   3 |  517.3 |
       Dungeon |   1552 |   1484 |     68 |      0 |   1217 |   3 |  517.3 |
               +--------+--------+--------+--------+--------+-----+--------+

Top non-repeatable levels by time:
     D:1: 803 daAuts
     D:2: 719 daAuts
     D:3: 29 daAuts
